 Dungeon Crawl Stone Soup version 0.15-a0-94-g674142f (webtiles) character file.

180 KaKa the Ruinous (level 5, -4/28 HPs)
             Began as a Kobold Conjurer on Apr 9, 2014.
             Killed from afar by Terence (7 damage)
             ... with a wand of flame
             ... on Level 2 of the Dungeon.
             The game lasted 00:08:57 (2268 turns).

KaKa the Ruinous (Kobold Conjurer)                  Turns: 2268, Time: 00:08:57

HP  -4/28        AC  4     Str  8      XL: 5   Next:  5%
MP   4/11        EV 15     Int 14      God:
Gold 78          SH  0     Dex 15      Spells:  3 memorised,  2 levels left

rFire  . . .     SeeInvis .     i - -2,+0 club (curse)
rCold  . . .     Clarity  .     a - +0 robe
rNeg   . . .     Conserve .     (no shield)
rPois  .         rCorr    .     h - +0 helmet
rElec  .         rRot     .     f - +0 cloak
SustAb + .       Spirit   .     (no gloves)
rMut   .         Warding  .     (no boots)
Saprov + + .     Stasis   .     (no amulet)
MR     .....                    (no ring)
                                k - ring of sustain abilities

@: not resistant to hostile enchantments, stealthy
A: disease resistance, carnivore 3, saprovore 2
a: no special abilities


You were on level 2 of the Dungeon.
You were completely stuffed.

You visited 1 branch of the dungeon, and saw 2 of its levels.

You collected 78 gold pieces.

Inventory:

Hand weapons
 i - a cursed -2,+0 club (weapon)
 l - a +1,+0 whip
Missiles
 e - 2 curare-tipped needles
Armour
 a - a +0 robe (worn)
 f - a +0 cloak (worn)
 h - a +0 helmet (worn)
Comestibles
 b - a meat ration
 p - 2 rotting chunks of gnoll flesh
 q - a rotting chunk of giant newt flesh
 r - a chunk of bat flesh
Scrolls
 d - a scroll of identify
 j - 2 scrolls of teleportation
Jewellery
 k - a ring of sustain abilities (left hand)
Potions
 g - 2 potions of heal wounds {unknown}
 o - a potion of cure mutation {unknown}
Books
 c - a book of Conjurations

   Spells                             Type                      Level
   *Magic Dart                        Conjuration                  1
   *Searing Ray                       Conjuration                  2
   Dazzling Spray                     Conjuration/Hexes            3
   Fulminant Prism                    Conjuration/Hexes            4
   Iskenderun's Mystic Blast          Conjuration                  4
   *Iskenderun's Battlesphere         Conjuration/Charms           5


   Skills:
 - Level 2.4 Dodging
 - Level 2.6 Stealth
 - Level 3.0 Spellcasting
 + Level 4.9 Conjurations


You had 2 spell levels left.
You knew the following spells:

 Your Spells              Type           Power        Failure   Level  Hunger
a - Magic Dart            Conj           ###.         2%          1    #......
b - Searing Ray           Conj           ###...       4%          2    ##.....
c - Iskenderun's Battles  Conj/Chrm      #.......     99%         5    ######.


Dungeon Overview and Level Annotations

Branches:
Dungeon (2/15)

Altars:

Annotations:
D:2 Sigmund, Terence


Innate Abilities, Weirdness & Mutations

You recuperate from illness quickly.
You are small and have problems with some larger weapons.
You are carnivorous and can eat meat at any time.
You can eat rotten meat.


Message History

Terence zaps a wand.
The puff of flame hits you!
* * * LOW HITPOINT WARNING * * *
Casting: Searing Ray
Confirm with . or Enter, or press ? or * to list all spells.
Okay, then.
Drink which item? (? for menu, Esc to quit)
You feel better.
Terence zaps a wand.
The puff of flame hits you!
* * * LOW HITPOINT WARNING * * *
Casting: Searing Ray
Confirm with . or Enter, or press ? or * to list all spells.
Aiming: Searing Ray
Press: ? - help, Shift-Dir - straight line, f/p - Terence
Aim: Terence, wielding a hand axe, wearing a chain mail and carrying a wand of flame {zapped: 6} (severely wounded)
The searing ray hits Terence.
Terence is severely wounded.
The searing ray hits Terence.
Terence is severely wounded.
Terence zaps a wand.
The puff of flame hits you!
You die...

.....# #.)%.........'.####
.....# ###..........### .....#
#..........# ######
###'######## #.....###
#####...# ##########.##
#########.<.........###
.......#........@@...)#
.......#............#.#
....................#.##
.......##...........#.@#
.......######......###.%.......
####'### #.###### ###......
#..# #.# ####.. ###.## #.#
....# #(#


You could see Terence.

Vanquished Creatures
  4 gnolls (D:2)
  An adder (D:2)
  A worm (D:2)
  3 giant geckos
  An ooze (D:1)
  10 bats
  5 goblins
  2 hobgoblins (D:1)
  6 kobolds
  2 ball pythons (D:1)
  A ball python skeleton (D:2)
  A giant cockroach (D:2)
  2 giant newts
  An orc skeleton (D:2)
  5 rats
45 creatures vanquished.

Notes
Turn   | Place    | Note
--------------------------------------------------------------
     0 | D:1      | KaKa, the Kobold Conjurer, began the quest for the Orb.
     0 | D:1      | Reached XP level 1. HP: 10/10 MP: 3/3
   312 | D:1      | Reached XP level 2. HP: 15/15 MP: 2/4
   606 | D:1      | Reached skill level 4 in Conjurations
   723 | D:1      | Reached XP level 3. HP: 19/19 MP: 3/6
  1559 | D:2      | Noticed Sigmund
  1733 | D:2      | Reached XP level 4. HP: 21/24 MP: 1/8
  1745 | D:2      | Learned a level 2 spell: Searing Ray
  2032 | D:2      | Reached XP level 5. HP: 28/28 MP: 6/11
  2098 | D:2      | Learned a level 5 spell: Iskenderun's Battlesphere
  2253 | D:2      | Noticed Terence
  2268 | D:2      | Killed from afar by Terence

Action                   |  1- 3 |  4- 6 || total
-------------------------+-------+-------++-------
Melee: Unarmed           |     3 |       ||     3
       Club              |    57 |    19 ||    76
 Cast: Magic Dart        |    74 |    12 ||    86
       Searing Ray       |       |     6 ||     6
  Use: Scroll            |     4 |       ||     4
       Potion            |       |     2 ||     2
